Cogmind - Beta 11.1 @@@ ROGUE MODE // 2022.05.08 @ 15:22:49 Player: kway_side Result: Destroyed by 8R-AWN with 8R-AWN's Boregun Performance ------------- Evolutions (0) 0 Regions Visited (2) 400 Robots Destroyed (29) 145 Value Destroyed (580) 580 Prototype IDs (3) 60 Alien Tech Used (0) 0 Bonus (-33) -33 TOTAL SCORE: 1152 Bonus ------- Friendly Fire -33 Cogmind --------- Core Integrity 0/250 Matter 95/300 Energy 250/250 System Corruption 3% Temperature Cool (0) Movement Treading (240) Ox1 Location -10/Mines Parts ------- > --- POWER (1) -------- Ion Engine > --- PROPULSION (2) --- Light Treads > --- UTILITY (2) ------ Large Storage Unit Terrain Scanner > --- WEAPON (2) ------- Shotgun > --- INVENTORY (15) --- Light Ion Engine Compact Wheel Heat Sink Faulty Experimental Sensor Array Seismic Detector Launcher Guidance Computer Utility Shielding Light Armor Plating Improved Light Armor Plating Hacking Suite EM Pulse Gun Shotgun Mini Grenade Launcher Mini Grenade Launcher Mining Laser Peak State ------------ > --- POWER ------------ Ion Engine > --- PROPULSION ------- Light Treads Light Treads > --- UTILITY ---------- Large Storage Unit Experimental Sensor Array > --- WEAPON ----------- Beam Cannon Shotgun > --- INVENTORY -------- Light Treads Compact Wheel Heat Sink Seismic Detector Utility Shielding Weapon Shielding Light Armor Plating Hacking Suite EM Pulse Gun EM Pulse Gun Shotgun Shotgun Mini Grenade Launcher Mini Grenade Launcher Mining Laser [Rating: 18] Favorites ----------- Power Light Ion Engine Engine Light Ion Engine Propulsion Light Treads Treads Light Treads Leg Aluminum Leg Utility Large Storage Unit Device Terrain Scanner Storage Large Storage Unit Protection Weapon Shielding Weapon Shotgun Energy Cannon Beam Cannon Ballistic Gun Shotgun Launcher Mini Grenade Launcher Build | -11 -10 -10 ------- Run | Scr Mat Min Slots Evolved . | . . . Power . | . . . Propulsion . | . . . Utility . | . . . Weapon . | . . . Parts Attached 30 | . 18 12 Power 4 | . 4 . Engine 4 | . 4 . Core . | . . . Reactor . | . . . Propulsion 5 | . 4 1 Treads 5 | . 4 1 Leg . | . . . Wheel . | . . . Hover . | . . . Flight . | . . . Utility 10 | . 6 4 Device 7 | . 3 4 Storage 1 | . 1 . Processor . | . . . Hackware . | . . . Protection 2 | . 2 . Artifact . | . . . Weapon 11 | . 4 7 Energy Gun . | . . . Energy Cannon 2 | . . 2 Ballistic Gun 5 | . 3 2 Ballistic Cannon . | . . . Launcher 4 | . 1 3 Special Weapon . | . . . Impact Weapon . | . . . Slashing Weapon . | . . . Piercing Weapon . | . . . Special Melee Weapon . | . . . Unidentified Prototypes 1 | . . 1 Parts Lost 6 | . 2 4 Power 2 | . 2 . Propulsion 2 | . . 2 Utility . | . . . Weapon 2 | . . 2 Highest Loss Streak 2 | . 1 2 To Critical Strikes 1 | . . 1 Average Slot Usage (%) 97 | . 97 97 Engine 13 | . 12 14 Treads 24 | . 23 27 Leg 3 | . 4 . Device 9 | . 8 12 Storage 14 | . 14 14 Protection 3 | . 4 1 Energy Cannon 2 | . . 10 Ballistic Gun 23 | . 26 15 Naked Turns . | . . . Heaviest Build 32 | 10 30 32 Greatest Support 40 | 20 40 40 Greatest Overweight (x) 1 | . 1 1 Average Overweight (x) . | . . . Largest Inventory Capacity 15 | . 15 15 Average Capacity 14 | . 14 15 Most Carried 15 | . 15 15 Average Carried 14 | . 13 14 Final Capacity 15 | 8 15 15 Final Carried 15 | 6 15 15 Class Distribution -------------------- 100% | Mutant Dominant Class ---------------- Mutant | -10/Materials Mutant | -10/Mines Resources | -11 -10 -10 ----------- Run | Scr Mat Min Matter Collected 731 | 200 394 137 Remotely . | . . . Salvage Created 709 | . 532 177 Parts 42 | . 29 13 Haulers Intercepted 1 | . 1 . Recyclers Shooed 1 | . 1 . Parts Field Recycled . | . . . Retrieved Matter . | . . . Parts Self-Destructed . | . . . Prevented . | . . . Kills | -11 -10 -10 ------- Run | Scr Mat Min Combat Hostiles Destroyed 26 | . 15 11 Guns 13 | . 12 1 AOE 13 | . 3 10 Classes Destroyed 8 | . 6 2 Worker 2 | . 1 1 Hauler 1 | . 1 . Recycler 2 | . 1 1 Operator 2 | . 2 . Swarmer 12 | . 6 6 Grunt 9 | . 9 . Demolisher 1 | . . 1 Assembled 4 | . . 4 Best Kill Streak 5 | . 4 5 Combat Bots Only 4 | . 3 4 Max Kills in Single Turn 3 | . 2 3 Gunslinging 1 | . 1 . Exploded 3 | . 2 3 Melee . | . . . Uniques/NPCs Destroyed . | . . . Combat | -11 -10 -10 -------- Run | Scr Mat Min Damage Taken 1279 | . 428 851 Core 256 | . 82 174 Absorbed by Shields . | . . . Redirected to Shielding 14 | . 9 5 Core Remaining (%) 100 | 100 . . Volleys Fired 50 | . 31 19 Largest 2 | . 2 2 Hottest 83 | . 46 83 Shots Fired 82 | . 56 26 Gun 68 | . 54 14 Cannon 3 | . . 3 Launcher 11 | . 2 9 Special . | . . . Kinetic 68 | . 54 14 Thermal 3 | . . 3 Explosive 11 | . 2 9 Electromagnetic . | . . . Robot Hit Streak 12 | . 12 6 Robot Miss Streak 8 | . 8 4 Penetration Max . | . . . Secondary Targets 3 | . 3 . Max Gunslinging Chain 1 | . 1 . Shots Hit Robots 51 | . 35 16 Core Hits 54 | . 36 18 Critical Kills . | . . . Critical Parts Destroyed 2 | . 1 1 Critical Strikes 2 | . 1 1 Destroy 2 | . 1 1 Melee Attacks . | . . . Impact . | . . . Slashing . | . . . Piercing . | . . . Sneak Attacks . | . . . Combat Hostiles . | . . . Follow-up Attacks . | . . . Damage Inflicted 1699 | . 827 872 Guns 738 | . 582 156 Cannons 36 | . . 36 Explosions 921 | . 241 680 Melee . | . . . Ramming 4 | . 4 . Kinetic 738 | . 582 156 Thermal 36 | . . 36 Explosive 879 | . 199 680 Electromagnetic 42 | . 42 . Impact . | . . . Slashing . | . . . Piercing . | . . . Highest Corruption 3 | . 3 3 Average Corruption 2 | . 2 3 Corruption Purged . | . . . Corruption Blocked . | . . . Effects 34 | . 24 10 Message Errors 3 | . 1 2 Matter Fused 12 | . 8 4 Heat Flow Errors 4 | . 2 2 Energy Discharges 5 | . 3 2 Parts Rejected 1 | . 1 . Data Loss (minor) 5 | . 5 . Data Loss (major) 2 | . 2 . Misfires 1 | . 1 . Weapon Failures 1 | . 1 . Overload Shots . | . . . Overflow Damage 47 | . 10 37 Projectiles . | . . . Explosions 47 | . 10 37 Melee . | . . . Knockbacks . | . . . Impact . | . . . Kinetic . | . . . Secondary . | . . . Self-Inflicted Damage 84 | . . 84 Shots 3 | . . 3 Rammed 1 | . 1 . Targets Rammed 1 | . 1 . Kicked . | . . . Crushed . | . . . Highest Temperature 280 | . 280 247 Average Temperature 87 | . 96 74 Received Heat Transfer 174 | . 174 . Effects 1 | . 1 . Interference 1 | . 1 . Siege Activations . | . . . Robots Corrupted . | . . . Combat Hostiles . | . . . Parts Fried . | . . . Impact Corruptions . | . . . Robots Melted . | . . . Combat Hostiles . | . . . Parts Melted . | . . . Heat Transferred 74 | . . 74 Parts Sabotaged . | . . . Parts Stolen . | . . . Parts Stripped . | . . . Power Chain Reactions . | . . . Missiles Intercepted . | . . . Alert | -11 -10 -10 ------- Run | Scr Mat Min Peak Influence 347 | . 347 278 Initial 102 | . . 102 Average 145 | . 112 236 Maximum Alert Level 1 | . 1 1 Low Security (%) 57 | . 70 21 Level 1 42 | . 29 78 Level 2 . | . . . Level 3 . | . . . Level 4 . | . . . Level 5 . | . . . High Security . | . . . Max Security . | . . . Squads Dispatched 4 | . 4 . Investigation 1 | . 1 . Extermination . | . . . Reinforcement 3 | . 3 . Assault . | . . . Garrison . | . . . Intercept . | . . . Searches Triggered . | . . . Construction Impeded . | . . . Haulers Reinforced . | . . . Active Scanning Responses . | . . . Cargo Convoy Interrupts . | . . . Stealth | -11 -10 -10 --------- Run | Scr Mat Min Distress Signals 4 | . 4 . Communications Jammed . | . . . Distress Signals . | . . . Times Spotted 46 | . 32 14 Peak Tracking Total 6 | . 6 4 Tactical Retreats 5 | . 4 1 Traps | -11 -10 -10 ------- Run | Scr Mat Min Traps Triggered 3 | . 3 . Indirectly . | . . . Trap Hack Attempts . | . . . Triggered . | . . . Disarmed . | . . . Reprogrammed . | . . . Reused . | . . . Traps Extracted . | . . . Installed . | . . . Triggered . | . . . Machines | -11 -10 -10 ---------- Run | Scr Mat Min Machines Disabled 4 | . 3 1 Max in Single Turn 2 | . 2 1 Machines Sabotaged . | . . . Garrisons Compromised . | . . . Overloaded Fab Kills . | . . . Hacking | -11 -10 -10 --------- Run | Scr Mat Min Machines Accessed 6 | . 6 . Terminals 5 | . 5 . Fabricators . | . . . Repair Stations . | . . . Recycling Units 1 | . 1 . Scanalyzers . | . . . Garrison Access . | . . . Total Hacks 15 | . 15 . Successful 7 | . 7 . Failed 8 | . 8 . Catastrophic 1 | . 1 . Database Lockouts . | . . . Manual 5 | . 5 . Terminals 14 | . 14 . Fabricators . | . . . Repair Stations . | . . . Recycling Units 1 | . 1 . Scanalyzers . | . . . Garrison Access . | . . . Terminal Hacks 6 | . 6 . Robot Analysis 3 | . 3 . Prototype ID Bank 1 | . 1 . Branch Access Points 1 | . 1 . Hauler Manifests 1 | . 1 . Fabricator Hacks . | . . . Repair Station Hacks . | . . . Recycling Unit Hacks 1 | . 1 . Report Inventory 1 | . 1 . Scanalyzer . | . . . Garrison Access Hacks . | . . . Unauthorized Hacks . | . . . Terminals . | . . . Fabricators . | . . . Repair Stations . | . . . Recycling Units . | . . . Scanalyzers . | . . . Garrison Access . | . . . Data Cores Recovered . | . . . Used . | . . . Hacking Detections 5 | . 5 . Full Trace Events . | . . . Feedback Events . | . . . Feedback Blocked . | . . . Robot Schematics Acquired . | . . . Robots Built . | . . . Authchips . | . . . Time . | . . . Total Robot Build Rating . | . . . Part Schematics Acquired . | . . . Parts Built . | . . . Authchips . | . . . Time . | . . . Total Part Build Rating . | . . . Parts Repaired . | . . . Time . | . . . Parts Recycled . | . . . Recycled Matter . | . . . Retrieved Matter . | . . . Retrieved Components . | . . . Parts Scanalyzed . | . . . Part Schematics Acquired . | . . . Parts Damaged . | . . . Bothacking | -11 -10 -10 ------------ Run | Scr Mat Min Used RIF Installer . | . . . Robots Hacked . | . . . Non-combat . | . . . Combat . | . . . Robot Hacks Applied . | . . . Relay Couplers Released . | . . . Fabnet Peak Effective % . | . . . Robots Rewired . | . . . Allies Hacked . | . . . Hacks Repelled . | . . . Allies | -11 -10 -10 -------- Run | Scr Mat Min Total Allies . | . . . Largest Group . | . . . Highest-Rated Group . | . . . Highest-Rated Ally . | . . . Total Orders . | . . . Ally Attacks . | . . . Total Damage . | . . . Kills . | . . . Allies Corrupted . | . . . Allies Melted . | . . . Intel | -11 -10 -10 ------- Run | Scr Mat Min Robot Analysis Total 3 | . 3 . Derelict Logs Recovered 1 | . . 1 Drone Launches . | . . . Drone Recoveries . | . . . Exploration | -11 -10 -10 ------------- Run | Scr Mat Min Turns Passed 2313 | . 1692 621 Spaces Moved 1182 | 1 842 339 Core . | . . . Treads 1049 | . 710 339 Legs 133 | 1 132 . Wheels . | . . . Hover . | . . . Flight . | . . . Fastest Speed 120 | 120 120 160 Average Speed 162 | 120 163 161 Slowest Speed 240 | 120 190 240 Overloaded Moves . | . . . Propulsion Burnouts . | . . . Robots Hopped . | . . . Cave-ins Triggered . | . . . Exploration Rate (%) 58 | 2 95 79 Regions Visited 2 Branch Regions 1 Pre-discovered Areas 1 | . . 1 Known Exits Taken 1 | . 1 . Unknown Exits Taken 1 | 1 . . Scrap Searched 1 | . . 1 Spaces Dug . | . . . Terrain Destroyed 88 | . 2 86 Melee . | . . . Projectile . | . . . AOE 88 | . 2 86 Terrain Rammed . | . . . Walls Destroyed . | . . . Machines Disabled . | . . . Actions | -11 -10 -10 --------- Run | Scr Mat Min Total 1491 | . 1104 387 Wait 189 | . 182 7 Move 1180 | . 841 339 Hop . | . . . Pick Up 21 | . 16 5 Fast Attach 8 | . 6 2 Attach 6 | . 3 3 Detach 3 | . 2 1 Swap 16 | . 9 7 Drop 17 | . 13 4 Fire 50 | . 31 19 Melee . | . . . Ram . | . . . Kick . | . . . Crush 1 | . 1 . Escape Stasis . | . . . Rewire . | . . . Trap . | . . . Miscellaneous . | . . . Route ------- -11/Scrapyard -10/Materials (discovered 4 exits: [*Mat x3] / *Min) -10/Mines (discovered 2 exits: [*Mat x2]) History --------- Turn | Location | Event 1 | -11/Scrapyard | Discovered new exit (range 0) 1 | -11/Scrapyard | Entered Materials 310 | -10/Materials | Build established: Mutant 405 | -10/Materials | Identified exit to Mines 425 | -10/Materials | Discovered new exit (range 13) 1242 | -10/Materials | Discovered new exit (range 16) 1479 | -10/Materials | Discovered new exit (range 8) 1693 | -10/Materials | Entered Mines 1695 | -10/Mines | Discovered new exit (range 14) 1806 | -10/Mines | Found a damaged Exp. Sensor Array with a note attached 1810 | -10/Mines | Found Prototype Device 1810 | -10/Mines | Identified Exp. Sensor Array 1870 | -10/Mines | Discovered new exit (range 12) 2062 | -10/Mines | Learned location of Zion (-6) 2193 | -10/Mines | Assembled infested the area 2230 | -10/Mines | Core integrity fell below 50% 2245 | -10/Mines | Core integrity fell below 20% 2252 | -10/Mines | Met 8R-AWN 2288 | -10/Mines | Attacked by 8R-AWN 2314 | -10/Mines | Destroyed by 8R-AWN with 8R-AWN's Boregun Last Messages --------------- 02301_ Penetrated by HV Slug. 02301_ HV Slug penetrates Wall. 02302_ U-05 Engineer lays Concrete. 02304_ K-01 Serf collects debris. 02305_ The unstable cave ceiling collapses. 02305_ U-05 Engineer lays Concrete. 02306_ Penetrated by HV Slug. 02306_ Critical hit (Destroy). 02306_ Shotgun destroyed. 02306_ HV Slug penetrates Wall. 02306_ Penetrated by HV Slug. 02306_ HV Slug penetrates Wall. 02307_ K-01 Serf collects debris. 02307_ U-05 Engineer lays Concrete. 02310_ Penetrated by HV Slug. 02310_ HV Slug penetrates Wall. 02311_ Wall collapses. 02311_ U-05 Engineer lays Concrete. 02314_ HV Slug penetrates Wall. 02314_ Penetrated by HV Slug. Map ----- +----------------------------------------------------+ | | | | | | | | | ?????????????????????????????????????????? | | ?????????????????????????????????????????? | | ?????????????????????????????????????#???? | | ?????????????????????????????????????????? | | ?????????????? ???????????????????????#### | | ???????????????????#?????????????????## # | | ??????????????????????????? ########## | | ?????????? ?????? ???? ? ? | | ??????????#"?????????????? | | ??????????#"###??????#???? | | ????????## #?#?????????## | | ???????## """ ##????????#??# | | ??????## """ #???###?##???# | | ???# # """ ##### ## ###### | | ?????#" # # # ## | | ??????# # # # ## = # | | ???????# * =%!% ## | | ??????????##;; g%= % = * ## | | ??????????##;# = # # ## % # | | ???????#???## # # ### [ | | ???????????# # ##?# % [ # | | ???????????# @ u ####???#?# # | | ???????????## #????????## # # | | ???????#????#;# ###???##????#### # | | ????????????## # #?????????????? # | | ?????????????## # # ####????#????????? # | | ?????????????# # # ###???????????????#### | | ????????????# ##### ##???????????????????? | | ????????????##????# #??????? ??? ????????? | | ??????????????##??# ????????????????????? | | ??????????????????##%????????????????????? | | ???????#???????????? #???????????????????? | | ????# ????????????#? #???????#???????????? | | ???? ?????????????? #???? ?????????????? | | ???? ?????????????? #??????????????????? | | ???? ?????????????? #?????#?????????????? | | ???# ???????????##? #???????????????????? | | ??? "?????????????? #???????????????????? | | ??? "?????#?????????#???????????????????? | | ??? "???? ##????????????????????#?????? ? | | ??? ???? #?????????????????????????# | | ???# ??? #???????????????????????## | | ??## ##?? #????????????????????#?## | | ?## ## #???????????????????????# | | ## # # ##??#?????#####?????????# | | #? #????## #######???# | +----------------------------------------------------+ Best States ------------- Heat Dissipation 35 Energy Generation 10 Energy Capacity 250 Matter Stores 300 Matter Capacity 300 Sight Range 16 Terrain Scan Range 14 Terrain Scan Density 10 Weapon Shielding 33 Evasion (%) 55 Recoil Reduction 2 Item Schematics ----------------- None Robot Schematics ------------------ None Fabricated ------------ Nothing Alien Tech Used ----------------- None Achievements -------------- None Challenges ------------ None Game ------ Seed TrackerSurgeChronowheel Manual? 0 Play Time 00:23:23 Cumulative 92.8 hours Start 2022.05.08 @ 14:46:45 End 2022.05.08 @ 15:22:49 Sessions 1 Manual Loads 0 Difficulty Rogue Special Mode None Game No. 96 Rogue 96 Adventurer 0 Explorer 0 Win Type - Total 0 Types 0/0/0/0/0/0/0/0/0 Lore% 26 Gallery% 36 Achievement% 30 Wizard Run 0 Options --------- ASCII 0 Keyboard 0 Movement Numpad Keybinds 0 Fullscreen 2 Font 18/Smallcaps Map View 76x50 Tactical HUD 1 Map Filters NONE Filters NONE Steam 1 RUN: 67e3217f-7b1b-4a89-abc0-37b966c2b858